 Dungeon Crawl Stone Soup version 0.23-a0-488-g5fd82c5 (webtiles) character file.

210 Amnesiac the Covert (level 5, -4/24 HPs)
             Began as a Spriggan Enchanter on Dec 2, 2018.
             Slain by Menkaure (17 damage)
             ... on level 4 of the Dungeon.
             The game lasted 00:09:40 (1683 turns).

Amnesiac the Covert (Spriggan Enchanter)            Turns: 1683, Time: 00:09:41

Health: -4/24      AC:  2    Str:  7    XL:     5   Next: 57%
Magic:  5/10       EV: 18    Int: 17    God:
Gold:   130        SH:  0    Dex: 17    Spells: 1/10 levels left

rFire    . . .     SeeInvis +   a - +1 dagger
rCold    . . .     Gourm    .   (shield restricted)
rNeg     . . .     Faith    .   b - +0 robe
rPois    .         Spirit   .   (helmet restricted)
rElec    .         Reflect  .   (no cloak)
rCorr    .         Harm     .   (gloves unavailable)
MR       +....                  (boots unavailable)
Stlth    ++++......             (no amulet)
HPRegen  0.08/turn              j - +3 ring of strength
MPRegen  0.12/turn              k - ring of protection from magic

@: very quick
A: very small, unfitting armour, see invisible, herbivore, speed 3, slow
metabolism 2
a: no special abilities


You were on level 4 of the Dungeon.
You were not hungry.

You visited 1 branch of the dungeon, and saw 5 of its levels.

You collected 130 gold pieces.

Inventory:

Hand Weapons
 a - a +1 dagger (weapon)
 l - the +9 whip of Chaos {flame, rElec rC- Str+7 Int+4, unknown}
   (You found it on level 5 of the Dungeon)

   It has been specially enchanted to burn those struck by it, causing extra
   injury to most foes and up to half again as much damage against particularly
   susceptible opponents.
   It affects your strength (+7).
   It affects your intelligence (+4).
   It makes you vulnerable to cold.
   It insulates you from electricity.
Armour
 b - a +0 robe (worn)
Jewellery
 j - a +3 ring of strength (left hand)
 k - a ring of protection from magic (right hand)
Scrolls
 c - a scroll of amnesia {!r, unknown}
 e - a scroll of enchant armour {!r, unknown}
 h - 3 scrolls of immolation {!r, unknown}
 i - 3 scrolls of identify {!r}
 m - a scroll of holy word {!r, unknown}
 n - a scroll of random uselessness {!r, unknown}
Potions
 f - a potion of heal wounds {!q}
 g - a potion of lignification {!q}
Comestibles
 d - 4 rations


   Skills:
 + Level 3.5 Short Blades
 - Level 3.0 Dodging
 - Level 8.0 Stealth
 - Level 3.0 Spellcasting
 - Level 4.0 Hexes


You had one spell level left.
You knew the following spells:

 Your Spells              Type           Power        Failure   Level  Hunger
a - Ensorcelled Hibernat  Hex/Ice        #.....       12%         2    ##.....
b - Corona                Hex            ###....      3%          1    None
e - Confuse               Hex            ###.....     10%         3    ###....
w - Tukima's Dance        Hex            ###.....     10%         3    ###....

Your spell library contained the following spells:

 Spells                   Type           Power        Failure   Level  Hunger
 Dazzling Spray           Conj/Hex       #.....       22%         3    ###....


Dungeon Overview and Level Annotations

Branches:
Dungeon (5/15)
 Temple: D:4-7

Altars:
Gozag
The Shining One

Annotations:
D:4 Menkaure


Innate Abilities, Weirdness & Mutations

You are very small and have problems with some larger weapons.
You are too small for most types of armour.
You have supernaturally acute eyesight. (SInv)
You are a herbivore.
You cover ground extremely quickly.
You need to consume almost no food.


Message History

Casting: Confuse (safe; 10% risk of failure)
Confirm with . or Enter, or press ? or * to list all spells.
You don't have enough magic to cast that spell.
Unknown command.
Casting: Confuse (safe; 10% risk of failure)
Confirm with . or Enter, or press ? or * to list all spells.
You don't have enough magic to cast that spell.
Casting: Confuse (safe; 10% risk of failure)
Confirm with . or Enter, or press ? or * to list all spells.
You don't have enough magic to cast that spell.
Casting: Confuse (safe; 10% risk of failure)
Confirm with . or Enter, or press ? or * to list all spells.
You don't have enough magic to cast that spell.
There is a stone staircase leading up here.
Casting: Confuse (safe; 10% risk of failure)
Confirm with . or Enter, or press ? or * to list all spells.
You don't have enough magic to cast that spell.
You climb upwards.
There is a stone staircase leading down here.
You start resting.
Magic restored.
You climb downwards.
Level annotation: Menkaure
There is a stone staircase leading up here.
Casting: Confuse (safe; 10% risk of failure)
Confirm with . or Enter, or press ? or * to list all spells.
Aiming: Confuse (safe; 10% risk of failure)
Press: ? - help, Shift-Dir - straight line, f - Menkaure
Aim: Menkaure (chance to defeat MR: 47%) Menkaure resists with some effort.
Casting: Confuse (safe; 10% risk of failure)
Confirm with . or Enter, or press ? or * to list all spells.
Aiming: Confuse (safe; 10% risk of failure)
Press: ? - help, Shift-Dir - straight line, f/p - Menkaure
Aim: Menkaure (chance to defeat MR: 47%)
You miscast Confuse.
You are very lightly contaminated with residual magic.
Multicoloured lights dance before your eyes!
Casting: Confuse (safe; 10% risk of failure)
Confirm with . or Enter, or press ? or * to list all spells.
You don't have enough magic to cast that spell.
You climb upwards.
There is a stone staircase leading down here.
You start resting.
Your magical contamination has completely faded away.
You start resting.
Magic restored.
You climb downwards.
Level annotation: Menkaure Menkaure calls on the powers of darkness!
Your body is wracked with pain!
There is a stone staircase leading up here.
Casting: Confuse (safe; 10% risk of failure)
Confirm with . or Enter, or press ? or * to list all spells.
Aiming: Confuse (safe; 10% risk of failure)
Press: ? - help, Shift-Dir - straight line, f - Menkaure
Aim: Menkaure (chance to defeat MR: 47%) Menkaure appears confused.
You catch the helpless Menkaure completely off-guard!
You impale Menkaure!!
Menkaure is almost destroyed.
Menkaure hits you!
Ouch! That really hurt!
You die...

...........#####.##..
.#...##....##รท.#.....
#..............#.##
....###......#....# ..
##.........###
...##....).....####
....##.<.......##.####
.....#........>......##
.... #....@..........#.....
.....###..M......#.....#...
..... ###......##....## ..
.....# #...#..)....#.# .
...... #...#......##.#
......####............##
##....#...............###
###...#...........#.......#
......#.##..M....##....<..#


You could see Menkaure (confused).

Vanquished Creatures
  An ogre (D:4)
  A crimson imp (D:5)
  An iguana (D:5)
  A worker ant (D:4)
  A worker ant zombie (D:5)
  An adder (D:4)
  An ooze (D:3)
  3 dart slugs
  2 leopard geckos (D:1)
  2 bats
  3 goblins
  A hobgoblin (D:2)
  A frilled lizard (D:2)
  A giant cockroach zombie (D:5)
  A leopard gecko skeleton (D:4)
  A quokka skeleton (D:4)
  2 rats (D:3)
24 creatures vanquished.

Vanquished Creatures (others)
  2 orcs (D:3)
  3 jackals (D:3)
5 creatures vanquished.

Grand Total: 29 creatures vanquished

Notes
Turn   | Place    | Note
-------+----------+-------------------------------------------
     0 | D:1      | Amnesiac the Spriggan Enchanter began the quest for the
                  | Orb.
     0 | D:1      | Reached XP level 1. HP: 9/9 MP: 5/5
   256 | D:2      | Found an opulent altar of Gozag.
   773 | D:1      | Reached XP level 2. HP: 13/13 MP: 4/6
   777 | D:1      | Learned a level 2 spell: Ensorcelled Hibernation
   832 | D:3      | Found a glowing golden altar of the Shining One.
   870 | D:3      | Reached skill level 5 in Stealth
   896 | D:3      | Noticed a howler monkey
  1167 | D:4      | Noticed Menkaure
  1307 | D:4      | Reached XP level 3. HP: 6/16 MP: 8/8
  1312 | D:4      | Learned a level 3 spell: Confuse
  1325 | D:4      | Reached skill level 6 in Stealth
  1331 | D:4      | Noticed an ogre
  1340 | D:4      | Killed an ogre
  1340 | D:4      | Reached skill level 7 in Stealth
  1340 | D:4      | Reached XP level 4. HP: 9/21 MP: 5/9
  1340 | D:4      | Reached XP level 5. HP: 11/24 MP: 5/10
  1345 | D:4      | Learned a level 3 spell: Tukima's Dance
  1396 | D:5      | Entered Level 5 of the Dungeon
  1467 | D:5      | Got a fine whip
  1472 | D:5      | Reached skill level 8 in Stealth
  1683 | D:4      | Slain by Menkaure

Vault maps used:
D:1:      minmay_arrival_solitary_statue, kennysheep_nondescript
D:2:      nicolae_overflow_crystal_walls, serial_bayou, serial_bayou_lagoon_a,
          serial_bayou_shore_a, serial_bayou_ford_a, serial_bayou_lagoon_b,
          chequers_ecumenical_altar_simple_redux
D:3:      nicolae_tso_swordbearing_angel, first_ration, grunt_ministairs_9,
          lemuel_flame_loot_1
D:4:      ebering_ghost_reflecting_pool, eino_small_chamber_without_monster,
          uniq_menkaure
D:5:      serial_undead, serial_undead_f, serial_undead_b, serial_undead_e,
          serial_undead_a, cheibriados_altar_1

Skill      XL: |  1  2  3  4  5 |
---------------+----------------+-----
Stealth        | 5 7 8 |  8.0
Spellcasting   | 3 |  3.0
Hexes          | 4 |  4.0
Short Blades   | 2 3 |  3.5
Dodging        | |  3.0

Action                   |  1- 3 |  4- 6 || total
-------------------------+-------+-------++-------
Melee: Dagger            |    54 |    13 ||    67
 Cast: Corona            |     7 |       ||     7
       Ensorcelled Hiber |    14 |     3 ||    17
       Confuse           |       |     6 ||     6
  Use: Scroll            |     2 |       ||     2
 Stab: Sleeping          |     9 |     2 ||    11
       Confused          |       |     2 ||     2
Armor: Robe              |     4 |       ||     4
Dodge: Dodged            |    61 |     9 ||    70

Table legend:
 A = Non-vault XP
 B = Vault XP
 C = Vault XP percentage of total XP
 D = Non-vault monster count
 E = Vault monster count
 F = Vault count percentage of total count
                 A         B        C        D         E       F
            +---------+---------+-------+---------+---------+-------
      Total |     285 |      16 |   5.3 |      22 |       2 |   8.3
            +---------+---------+-------+---------+---------+-------
        D:1 |      12 |       0 |   0.0 |       4 |       0 |   0.0
        D:2 |      11 |       0 |   0.0 |       5 |       0 |   0.0
        D:3 |      13 |       0 |   0.0 |       5 |       0 |   0.0
        D:4 |     164 |       0 |   0.0 |       6 |       0 |   0.0
        D:5 |      85 |      16 |  15.8 |       2 |       2 |  50.0
            +---------+---------+-------+---------+---------+-------
